 Dungeon Crawl Stone Soup version bcrawl-1.34.4 (webtiles) character file.

Game seed: 3577815471278850820

328140 KristoblXynda the Fighter (level 10, -3/80 HPs)
             Began as a Demonspawn Gladiator on Oct 20, 2021.
             Killed from afar by Psyche (24 damage)
             ... with a poison arrow
             ... on level 8 of the Dungeon.
             The game lasted 00:13:16 (7106 turns).

KristoblXynda the Fighter (Demonspawn Gladiator)    Turns: 7106, Time: 00:13:16

Health: -3/80      AC: 11    Str: 17    XL:     10   Next: 13%
Magic:  10/10      EV:  8    Int: 10    God:
Gold:   289        SH:  1    Dex: 15    Spells: 9/9 levels left

rFire    + . .     SeeInvis .   C - +4 long sword
rCold    . . .     Gourm    .   (no shield)
rNeg     + . .     Faith    .   D - +1 ring mail {rF+}
rPois    .         Spirit   .   (helmet restricted)
rElec    .         Reflect  .   E - +2 cloak {MR+}
rCorr    .         Harm     .   f - +0 pair of gloves
MR       +....                  (no boots)
Stlth    ..........             (no amulet)
HPRegen  0.23/turn              b - ring of positive energy
MPRegen  0.12/turn              u - ring of wizardry

@: lethally poisoned (-3 -> -13), petrifying (expiring), lightly drained, very
slow
A: antennae 1, claws 1, hooves 2, powered by death 1, spiny 1
a: no special abilities


You were on level 8 of the Dungeon.
You were not hungry.

You visited 2 branches of the dungeon, and saw 9 of its levels.
You also visited: Ossuary.

You collected 608 gold pieces.
You spent 319 gold pieces at shops.

Inventory:

Hand Weapons
 C - a +4 long sword (weapon)
Missiles
 d - 2 throwing nets (quivered) {=f}
Armour
 f - a +0 pair of gloves (worn)
 B - a +0 chain mail
 D - a +1 ring mail of fire resistance (worn)
 E - a +2 cloak of magic resistance (worn)
Jewellery
 b - a ring of positive energy (left hand)
 u - a ring of wizardry (right hand)
 A - a +4 ring of intelligence
Wands
 c - a wand of acid (11)
 n - a wand of paralysis (10)
 y - a wand of iceblast (10)
Scrolls
 a - 2 scrolls of immolation {unknown}
 g - 4 scrolls of remove curse
 h - 2 scrolls of amnesia {unknown}
 i - a scroll of fear {unknown}
 k - 4 scrolls of blinking
 m - 2 scrolls of enchant weapon
 p - 3 scrolls of enchant armour
 t - 10 scrolls of teleportation
Potions
 j - a potion of invisibility
 l - 2 potions of curing
 o - 2 potions of haste
 q - 4 potions of flight
 r - a potion of ambrosia {unknown}
 s - a potion of agility {unknown}
 v - a potion of lignification
 w - 3 potions of mutation
 x - 3 potions of heal wounds
 z - a potion of might {unknown}
 G - a potion of berserk rage {unknown}
 I - a potion of resistance {unknown}
Comestibles
 e - 19 rations {!d}


   Skills:
 + Level 8.0(7.6) Fighting
 - Level 5.0(4.7) Long Blades
 - Level 2.0(1.6) Throwing
 + Level 5.7(5.4) Armour
 + Level 7.3(6.9) Dodging
 + Level 6.0(5.6) Unarmed Combat


You had 9 spell levels left.
You didn't know any spells.
Your spell library contained the following spells:

 Spells                   Type           Power        Failure   Level  Hunger
 Animate Skeleton         Necr           N/A          26%         1    None
 Pain                     Necr           #.....       26%         1    None
 Vampiric Draining        Necr           #.........   58%         3    #####..
 Agony                    Necr           #.......     92%         4    ######.
 Animate Dead             Necr           N/A          92%         4    ######.
 Dispel Undead            Necr           #.......     99%         5    #######


Dungeon Overview and Level Annotations

Branches:
Dungeon (8/12)             Temple (1/1) D:7
   Lair: D:7-9          Orc: D:8-11

Altars:
Dithmenos
Elyvilon
Fedhas
Gozag
Kikubaaqudgha
Lugonu
Makhleb
Nemelex Xobeh
Okawaru
Qazlal
Ru
Sif Muna
Trog
Uskayaw
Vehumet
Wu Jian
Xom
Yredelemnul
The Shining One

Shops:
D:2 *   D:6 [**?(

Annotations:
D:8 Psyche


Innate Abilities, Weirdness & Mutations

You have a pair of small antennae on your head.
You have sharp fingernails.
You have hoof-like feet.
You regenerate a little health from kills.
You are partially covered in sharp spines.


Message History

The poison arrow hits you!!
* * * LOW HITPOINT WARNING * * *
You feel better. Psyche is struck by your spines.
Psyche hits you but does no damage.
You are slowing down.
You eat one of the 20 rations {!d}.
That ration really hit the spot!
Psyche miscasts a cantrip.
Psyche hits you with a +3 dagger of chaos.
* * * LOW HITPOINT WARNING * * *
You partially resist.
You feel drained.
Psyche points at you and mumbles some strange words.
You are poisoned.
The poison arrow hits you.
* * * LOW HITPOINT WARNING * * *
Your limbs are stiffening.
You feel better.
Psyche points at you and mumbles some strange words.
You are poisoned.
The poison arrow hits you!!!
You die...

...........#.†#.# ##.## #
##....)...)...###..# ##
####.###.......#.## #. #.#
#.......#.# ##. #.#
####......####.. #)#
#..#.....##..# ###.#
#..#.##..#..##
##.###.#.#####..#.##......#
.._..'..K@@....##.........#
##.###.KT###...............
#.K..# ..####....#.#.
#..)K# .###.....#.##
#...K..)..# ....#.....##
#............##.....###.
#.....###.......###.)...
#.....# ....... ###...
#.....# ..... ##..


You could see Psyche, a troll, a big kobold and 2 kobolds.

Vanquished Creatures
  Pikel (D:5)
  A hippogriff (D:8)
  Sigmund (D:3)
  2 hungry ghosts (D:8)
  Menkaure (D:7)
  Edmund (D:5)
  A water moccasin (D:7)
  2 ice beasts
  A slave (D:5)
  A sky beast (D:6)
  2 ogres
  5 centaurs
  8 scorpions (Ossuary)
  A wight (D:5)
  An orc priest (D:2)
  4 howler monkeys
  2 crimson imps
  A centaur zombie (Ossuary)
  2 bullfrog zombies
  3 hounds
  A jelly (D:8)
  4 orc wizards
  4 human zombies (Ossuary)
  Crazy Yiuf (D:2)
  4 centaur skeletons
  A gnoll shaman (D:8)
  3 iguanas
  8 worker ants
  3 mummies (Ossuary)
  8 gnolls
  3 scorpion zombies (Ossuary)
  10 adders
  2 shadow imps (D:5)
  2 oozes
  2 adder zombies
  A worm (D:5)
  3 dart slugs
  3 leopard geckos
  21 orcs
  4 bats (D:1)
  2 giant cockroaches
  5 gnoll zombies (Ossuary)
  3 hobgoblins
  4 jackals (D:3)
  5 quokkas
  2 ball pythons
  2 frilled lizards (D:1)
  8 goblins
  A jackal skeleton (D:4)
  12 kobolds
  A kobold zombie (Ossuary)
  An orc zombie (Ossuary)
  3 rats
178 creatures vanquished.

Vanquished Creatures (others)
  A bullfrog zombie (D:5)
  An orc (D:3)
2 creatures vanquished.

Grand Total: 180 creatures vanquished

Notes
Turn   | Place    | Note
-------+----------+-------------------------------------------
     0 | D:1      | KristoblXynda the Demonspawn Gladiator began the quest for
                  | the Orb.
     0 | D:1      | Reached XP level 1. HP: 18/18 MP: 1/1
   301 | D:1      | Gained mutation: You regenerate a little health from kills.
                  | [demonic ancestry]
   301 | D:1      | Reached XP level 2. HP: 17/24 MP: 2/2
   948 | D:2      | Found Gozag's Platinum Reserve.
  1127 | D:2      | Gained mutation: You have sharp fingernails. [demonic
                  | ancestry]
  1127 | D:2      | Reached XP level 3. HP: 24/29 MP: 3/3
  1215 | D:2      | Gained mutation: You are partially covered in sharp spines.
                  | [demonic ancestry]
  1215 | D:2      | Reached XP level 4. HP: 10/35 MP: 4/4
  1545 | D:2      | Found an opulent altar of Gozag.
  1627 | D:2      | Found a bloodstained altar of Trog.
  1657 | D:2      | Found a faded altar of an unknown god.
  1816 | D:2      | Found a runed door.
  1821 | D:2      | Noticed Crazy Yiuf
  1832 | D:2      | Killed Crazy Yiuf
  1996 | D:3      | Noticed Sigmund
  2035 | D:3      | Killed Sigmund
  2036 | D:3      | Reached skill level 4 in Fighting
  2036 | D:3      | Gained mutation: You have large cloven feet. [demonic
                  | ancestry]
  2036 | D:3      | Reached XP level 5. HP: 11/42 MP: 5/5
  2036 | D:3      | Gained mutation: You have a pair of small antennae on your
                  | head. [demonic ancestry]
  2036 | D:3      | Reached XP level 6. HP: 12/48 MP: 6/6
  2538 | D:3      | Found an ancient bone altar of Kikubaaqudgha.
  2793 | D:4      | Noticed an ice beast
  2815 | D:4      | Killed an ice beast
  2816 | D:4      | Reached skill level 5 in Long Blades
  2816 | D:4      | Reached skill level 1 in Unarmed Combat
  2847 | D:4      | Found a sand-covered staircase.
  2850 | Ossuary  | Entered an ossuary
  2956 | Ossuary  | Reached XP level 7. HP: 46/55 MP: 7/7
  3035 | Ossuary  | Reached skill level 1 in Armour
  3139 | Ossuary  | Reached skill level 5 in Fighting
  3370 | Ossuary  | Reached skill level 5 in Dodging
  3382 | Ossuary  | Reached XP level 8. HP: 58/63 MP: 8/8
  3675 | D:4      | Found a sparkling altar of Nemelex Xobeh.
  3924 | D:4      | Found a stormy altar of Qazlal.
  4078 | D:5      | Entered Level 5 of the Dungeon
  4198 | D:5      | Reached skill level 6 in Fighting
  4201 | D:5      | Noticed Edmund
  4215 | D:5      | Killed Edmund
  4587 | D:5      | Found a shadowy altar of Dithmenos.
  4670 | D:5      | Found a shimmering blue altar of Sif Muna.
  4690 | D:5      | Noticed Pikel
  4713 | D:5      | Killed Pikel
  4714 | D:5      | Reached XP level 9. HP: 71/71 MP: 9/9
  4996 | D:6      | Found Yshrular's Magic Scroll Emporium.
  5002 | D:6      | Found Ymilup's General Store.
  5014 | D:6      | Found Feradd's General Store.
  5017 | D:6      | Bought a scroll of blinking for 105 gold pieces
  5019 | D:6      | Bought a +1 cloak of magic resistance for 214 gold pieces
  5033 | D:6      | Found Moschusal's Antique Weapon Shop.
  5048 | D:6      | Found Biemavor's Antique Armour Shop.
  5077 | D:6      | Found an iron altar of Okawaru.
  5135 | D:6      | Reached skill level 7 in Fighting
  5496 | D:6      | Found a shimmering altar of Xom.
  5496 | D:6      | Found a shimmering altar of Xom.
  5499 | D:6      | Found a shimmering altar of Xom.
  5499 | D:6      | Found a shimmering altar of Xom.
  5501 | D:6      | Found a shimmering altar of Xom.
  5501 | D:6      | Found a shimmering altar of Xom.
  5502 | D:6      | Found a shimmering altar of Xom.
  5618 | D:6      | Reached skill level 5 in Unarmed Combat
  5777 | D:7      | Noticed Menkaure
  5779 | D:7      | Found a hide-covered altar of Uskayaw.
  5784 | D:7      | Killed Menkaure
  6048 | D:7      | Reached skill level 5 in Armour
  6238 | D:7      | Found a staircase to the Ecumenical Temple.
  6574 | D:7      | Found a sacrificial altar of Ru.
  6622 | Temple   | Entered the Ecumenical Temple
  6763 | D:8      | Noticed Psyche
  6858 | D:8      | Gained mutation: You have hoof-like feet. [demonic
                  | ancestry]
  6858 | D:8      | Reached XP level 10. HP: 45/80 MP: 10/10
  7086 | D:8      | Found a corrupted altar of Lugonu.
  7096 | D:8      | Reached skill level 8 in Fighting
  7106 | D:8      | Killed from afar by Psyche

Skill      XL: |  1  2  3  4  5  6  7  8  9 10 |
---------------+-------------------------------+-----
Throwing       | 2 |  2.0
Long Blades    | 3 4 5 |  5.0
Dodging        | 3 4 5 6 7 |  7.3
Fighting       | 4 5 6 7 8 |  8.0
Unarmed Combat | 1 2 4 5 6 |  6.0
Armour         | 2 4 5 |  5.7

Action                   |  1- 3 |  4- 6 |  7- 9 | 10-12 || total
-------------------------+-------+-------+-------+-------++-------
Melee: Long sword        |    94 |     9 |   162 |    43 ||   308
       Dagger            |       |   108 |   150 |       ||   258
       Kick              |       |    23 |   129 |    12 ||   164
       Punch             |       |     1 |     7 |     1 ||     9
       Unarmed           |       |       |    29 |       ||    29
Throw: Throwing net      |     2 |       |       |       ||     2
  Use: Scroll            |       |     6 |     6 |     1 ||    13
       Potion            |       |     2 |     2 |     3 ||     7
  Eat: Chunk             |     4 |     7 |    17 |     5 ||    33
       Ration            |       |       |     1 |     1 ||     2
Armor: Leather armour    |    15 |       |       |       ||    15
       Ring mail         |    15 |    32 |    95 |    26 ||   168
       Skin              |       |     7 |    10 |       ||    17
Dodge: Dodged            |    63 |    50 |   201 |    52 ||   366
Block: Other             |       |     1 |     8 |       ||     9
